Map: Pylon LE

Players

ManlyManMeat

  • Race: Zerg Zerg
  • League: Diamond
  • Spawn Location: 11:00

Serg - Winner!

  • Race: Zerg Zerg
  • Spawn Location: 5:00

VOD

Have the link to the VOD?

Description

Time

  • Played on: July 8, 2025, 7:58 a.m.
  • Length: 8:23
Show
View Real Time Build Order
Export as new Build Order

ManlyManMeat Zerg 

Build Orders: Hatch First 

Get SALT Encoding   

  12  0:00  Drone  
  13  0:08  Drone  
  14  0:14  Extractor  
  14  0:16  Drone  
  15  0:22  Overlord  
  15  0:41  Drone  
  16  0:47  Hatchery  
  15  0:50  Drone  
  15  0:55  Drone  
  17  0:58  Drone  
  18  1:09  Extractor  
  17  1:14  Spawning Pool  
  17  1:16  Drone  
  17  1:19  Drone  
  18  1:30  Drone  
  19  1:37  Drone  
  21  2:01  Zergling x4  
  21  2:02  Overlord  
  22  2:10  Queen  
  24  2:16  Zergling x4  
  25  2:27  Zergling x4  
  25  2:33  Zergling x4  
  27  2:49  Baneling Nest  
  27  2:51  Queen  
  28  3:02  Zergling x4  
  29  3:10  Zergling x4  
  31  3:21  Drone x2  
  31  3:22  Overlord  
  33  3:30  Metabolic Boost  
  33  3:33  Baneling  
  33  3:39  Baneling  
  33  3:43  Drone x2  
  33  3:44  Drone  
  36  3:53  Drone  
  36  3:54  Drone  
  36  3:55  Drone  
  39  3:57  Baneling  
  39  4:07  Baneling  
  32  4:19  Zergling x14  
  36  4:30  Zergling x8  
  40  4:47  Overlord  
  40  4:48  Drone  
  39  5:06  Drone x5  
  44  5:07  Roach Warren  
  44  5:09  Drone x3, Extractor  
  44  5:10  Baneling x2  
  45  5:21  Drone x2  
  45  5:22  Drone  
  48  5:36  Overlord  
  47  5:44  Drone x4  
  50  5:52  Roach  
  50  5:53  Overlord  
  50  5:54  Overlord  
  50  5:55  Drone  
  52  5:58  Lair  
  52  6:03  Evolution Chamber  
  50  6:16  Zergling x8  
  50  6:17  Roach x2  
  58  6:19  Roach  
  58  6:20  Baneling x2  
  60  6:27  Spine Crawler  
  60  6:28  Spine Crawler  
  60  6:30  Spine Crawler  
  57  6:37  Roach x2  
  48  6:54  Roach  
  48  6:55  Roach x4  
  55  7:08  Roach x3  
  55  7:17  Roach  
  57  7:25  Roach  
  59  7:31  Ravager  
  60  7:43  Roach x2  
  60  7:47  Roach  
  54  8:00  Roach x3  
Show
View Real Time Build Order
Export as new Build Order

Serg Zerg - Winner!

Build Orders: Pool First, Zergling Baneling 

Get SALT Encoding   

  12  0:03  Extractor  
  12  0:07  Drone  
  12  0:27  Spawning Pool  
  11  0:30  Drone  
  12  0:37  Drone  
  13  0:44  Drone  
  14  0:54  Overlord  
  14  1:13  Metabolic Boost  
  14  1:14  Zergling x2  
  14  1:15  Zergling x2  
  14  1:16  Zergling x2  
  17  1:25  Zergling x2  
  18  1:33  Queen  
  18  1:36  Zergling x2  
  21  1:57  Hatchery  
  20  2:12  Zergling x4  
  22  2:15  Overlord  
  21  2:36  Drone x2, Roach Warren  
  22  2:52  Drone, Baneling Nest  
  22  3:01  Drone  
  23  3:06  Drone x3  
  26  3:13  Drone  
  27  3:36  Baneling  
  27  3:37  Baneling  
  27  3:39  Drone x2  
  27  3:40  Drone x5  
  34  3:47  Baneling  
  34  3:54  Extractor  
  33  3:56  Baneling  
  27  4:18  Roach  
  27  4:19  Roach  
  27  4:21  Zergling x10  
  36  4:27  Overlord  
  36  4:28  Overlord  
  36  4:34  Spine Crawler  
  36  4:37  Zergling x2  
  36  4:38  Spine Crawler  
  36  4:41  Baneling x3  
  36  4:45  Drone x4  
  39  4:50  Baneling  
  39  4:56  Drone  
  39  4:59  Baneling  
  36  5:00  Roach  
  38  5:08  Roach  
  38  5:09  Roach  
  42  5:18  Overlord, Roach  
  44  5:25  Zergling x2  
  44  5:26  Zergling x4  
  49  5:35  Roach  
  49  5:36  Roach  
  49  5:42  Queen  
  52  5:50  Roach x2  
  52  5:54  Roach  
  58  6:02  Roach  
  60  6:04  Overlord  
  60  6:11  Overlord  
  59  6:20  Baneling x2  
  59  6:25  Roach x4  
  67  6:29  Baneling  
  67  6:38  Roach x4  
  71  6:49  Roach  
  71  6:50  Roach  
  74  6:57  Zergling x2  
  74  6:58  Zergling x4  
  73  7:12  Ravager  
  73  7:13  Zergling x2  
  73  7:14  Zergling x2  
  73  7:15  Overlord  
  76  7:24  Overlord  
  76  7:33  Baneling x3  
  62  8:01  Zergling x14  
  62  8:02  Zergling x8  
Tags
 
League
Diamond
Matchup
ZvZ
Race
Zerg
Replay Pack
Myownreplay2
Spawn Locations
Cross Positions
Add a new tag
Caveats
  • Supply blocks, unpowered buildings, or Contaminate may cause inaccurate times.
  • Supply counts are checked every 10 seconds.